 Dungeon Crawl Stone Soup version 0.31.0-12-g77e489cdc1 (webtiles) character file.

Game seed: 10028080553719677193

1436164 Ruich the Slayer (level 26, 235/288 HPs)
             Began as an Octopode Shapeshifter on Mar 1, 2024.
             Was an Initiate of Gozag.
             Escaped with the Orb
             ... and 3 runes on Mar 3, 2024!
             The game lasted 05:31:32 (89660 turns).

Ruich the Slayer (Octopode Shapeshifter)           Turns: 89660, Time: 05:31:33

Health: 235/288    AC: 29    Str: 17    XL:     26   Next: 24%
Magic:  37/37      EV: 25    Int: 21    God:    Gozag
Gold:   1664       SH: 23    Dex: 15    Spells: 2/45 levels left

rFire   + +          .
                       - Unarmed
rCold   + + .        P - +4 tower shield
rNeg    + + +        B - +2 hat {Stlth+}
rPois   ∞            m - amulet of regeneration
rElec   +            t - ring of wizardry
rCorr   +            x - ring of resist corrosion
SInv    .            a - ring of protection from cold
Will    +....        u - ring of positive energy
Stlth   +++          H - ring of protection from cold
HPRegen 1.48/turn    W - ring "Quxtoeg" {rN+ EV+5 Int+3 Dex+3}
MPRegen 0.25/turn    O - ring of protection from fire
                     r - ring of protection from fire

%: wizardry (x1)
@: statue-form, gold aura, studying Ice Magic, very slow
A: slow and powerful, torment resistance 1, boosted hp, almost no armour,
amphibious, 8 rings, camouflage 1, (gelatinous body 1), (nimble swimmer 1),
tentacles, (iridescent scales 1), robust 1, weak 1, MP-powered wands
0: Orb of Zot
}: 3/15 runes: barnacled, silver, gossamer
a: Begin Untransformation, Renounce Religion, Potion Petition, Call Merchant,
Bribe Branch


You escaped.
You worshipped Gozag.
Gozag was most pleased with you.
You were a living statue of rough stone.
You visited 10 branches of the dungeon, and saw 48 of its levels.
You also visited: Trove.

You collected 25994 gold pieces.
You spent 4748 gold pieces at shops.
You paid 19582 gold pieces to Gozag.


Innate Abilities, Weirdness & Mutations

You are a living statue of rough stone.
Your actions are slow, but your melee attacks are powerful.
You are resistant to unholy torment.
Your maximum health is greatly increased.
You cannot wear most types of armour.
You are amphibious.
You can wear up to eight rings at the same time.
You are immune to poison.
Your skin changes colour to match your surroundings (Stealth+).
((Your rubbery body absorbs attacks. (AC +1, EV +1)))
((You are camouflaged when in or above water. (Stealth+)))
You have tentacles for arms and can constrict up to eight enemies at once.
((You are partially covered in iridescent scales. (AC +2)))
You are robust. (+10% HP)
You are weak. (Str -2)
You expend magic power (3 MP) to strengthen your wands.


   Skills:
 - Level 22.2 Fighting
 - Level 18.9 Dodging
 + Level 19.1 Stealth
 - Level 15.0 Shields
 - Level 20.0 Unarmed Combat
 - Level 10.0 Spellcasting
 - Level 3.7 Conjurations
 - Level 5.0 Hexes
 - Level 16.7 Summonings
 - Level 5.0 Translocations
 - Level 5.0 Air Magic
 - Level 0.3 Earth Magic
 - Level 10.0 Alchemy
 - Level 5.0 Evocations
 - Level 16.0 Shapeshifting


You had 2 spell levels left.
You knew the following spells:

 Your Spells              Type           Power      Damage    Failure   Level
e - Vhi's Electric Charg  Tloc/Air       62%        N/A       11%         4
h - Summon Hydra          Summ           34%        N/A       8%          7
i - Ignite Poison         Fire/Alch      31%        N/A       11%         4
l - Summon Lightning Spi  Summ/Air       54%        N/A       1%          4
o - Olgreb's Toxic Radia  Alch           51%        N/A       1%          4
s - Monstrous Menagerie   Summ           34%        N/A       8%          7
v - Summon Mana Viper     Hex/Summ       54%        N/A       2%          5
x - Summon Cactus Giant   Summ           34%        N/A       1%          6
B - Blink                 Tloc           62%        N/A       1%          2

Your spell library contained the following spells:

 Spells                   Type           Power      Damage    Failure   Level
 Magic Dart               Conj           100%       1d8       1%          1
 Shock                    Conj/Air       100%       1d9       1%          1
 Slow                     Hex            100%       N/A       1%          1
 Sting                    Conj/Alch      100%       1d9       1%          1
 Call Imp                 Summ           100%       N/A       1%          2
 Cigotuvi's Dreadful Rot  Necr/Alch/Air  62%        N/A       1%          2
 Jinxbite                 Hex            62%        N/A       1%          2
 Mercury Vapours          Alch/Air       84%        N/A       1%          2
 Searing Ray              Conj           52%        2d6       2%          2
 Static Discharge         Conj/Air       56%        3-6/arc   2%          2
 Kiss of Death            Conj/Necr      72%        2d10      4%          1
 Ensorcelled Hibernation  Hex/Ice        42%        N/A       4%          2
 Sandblast                Erth           24%        2d8       8%          1
 Scorch                   Fire           20%        2d5       12%         2
 Mephitic Cloud           Conj/Alch/Air  36%        N/A       1%          3
 Summon Ice Beast         Ice/Summ       45%        N/A       1%          3
 Summon Blazeheart Golem  Fire/Summ      45%        N/A       2%          4
 Confusing Touch          Hex            31%        N/A       3%          3
 Swiftness                Air            31%        N/A       3%          3
 Dazzling Flash           Conj/Hex       56%        N/A       4%          3
 Inner Flame              Hex/Fire       21%        N/A       9%          3
 Volatile Blastmotes      Fire/Tloc      42%        2d13      9%          3
 Petrify                  Alch/Erth      32%        N/A       10%         4
 Stone Arrow              Conj/Erth      38%        3d9       11%         3
 Airstrike                Air            15%        2d(3-19)  11%         4
 Cause Fear               Hex            15%        N/A       11%         4
 Sticky Flame             Fire/Alch      31%        2d7       11%         4
 Irradiate                Conj/Alch      19%        3d18      14%         5
 Passwall                 Erth           12%        N/A       21%         3
 Ozocubu's Armour         Ice            10%        N/A       24%         3
 Silence                  Hex/Air        15%        N/A       28%         5
 Brom's Barrelling Bould  Conj/Erth      19%        2d4       32%         4
 Flame Wave               Conj/Fire      18%        2d7       34%         4
 Arcjolt                  Conj/Air       14%        1d24      34%         5
 Iskenderun's Battlesphe  Conj           26%        2d8       43%         5
 Dispel Undead            Necr           10%        3d9       58%         4
 Spellforged Servitor     Conj/Summ      26%        N/A       67%         7
 Fireball                 Conj/Fire      9%         3d6       69%         5
 Borgnjor's Vile Clutch   Necr/Erth      5%         N/A       88%         5
 Curse of Agony           Necr           10%        N/A       89%         5
 Haunt                    Necr/Summ      22%        N/A       89%         7
 Plasma Beam              Fire/Air       10%        2x1d21    98%         6
 Bombard                  Conj/Erth      9%         9d2       99%         6
 Starburst                Conj/Fire      9%         6d5       99%         6
 Death Channel            Necr           5%         N/A       100%        6
 Enfeeble                 Hex            15%        N/A       100%        7
 Borgnjor's Revivificati  Necr           5%         N/A       100%        8
 Ignition                 Fire           5%         3d4       100%        8
 Lehudib's Crystal Spear  Conj/Erth      9%         10d4      100%        8
 Dragon's Call            Summ           34%        N/A       100%        9
 Sublimation of Blood     Necr           Unusable   N/A       N/A         2
 Animate Armour           Summ/Erth      Unusable   N/A       N/A         4
 Animate Dead             Necr           Unusable   N/A       N/A         4

Inventory:

Armour
 B - a +2 hat of stealth (worn)
 P - a +4 tower shield (worn)
Jewellery
 a - a ring of protection from cold (on tentacle)
 h - a ring of protection from cold
 m - an amulet of regeneration (around mantle)
 n - a ring of see invisible
 o - a ring of flight
 r - a ring of protection from fire (on tentacle)
 s - a ring of wizardry
 t - a ring of wizardry (left tentacle)
 u - a ring of positive energy (on tentacle)
 x - a ring of resist corrosion (right tentacle)
 y - a ring of fire
 H - a ring of protection from cold (on tentacle)
 O - a ring of protection from fire (on tentacle)
 W - the ring "Quxtoeg" (on tentacle) {rN+ EV+5 Int+3 Dex+3}
   (You bought it in a shop on level 11 of the Dungeon)

   [ring of evasion]

   EV+5:      It affects your evasion (+5).
   Int+3:     It affects your intelligence (+3).
   Dex+3:     It affects your dexterity (+3).
   rN+:       It protects you from negative energy.
Talismans
 d - a granite talisman (active)
Wands
 c - a wand of light (21)
 v - a wand of roots (25)
 S - a wand of mindburst (21)
Scrolls
 e - 13 scrolls of teleportation {@r2}
 j - 7 scrolls of blinking
 k - 2 scrolls of silence {!r}
 w - 9 scrolls of amnesia
 D - 6 scrolls of fear
 K - 2 scrolls of poison
 V - a scroll of fog
Potions
 g - 3 potions of invisibility
 i - 12 potions of ambrosia
 q - 6 potions of attraction
 A - a potion of mutation
 C - 2 potions of resistance
 F - 5 potions of lignification
 G - 5 potions of enlightenment
 I - 3 potions of heal wounds {@q2}
 J - 17 potions of curing {@q1}
 N - 3 potions of might
 Q - 8 potions of haste {@q3}
 T - 4 potions of berserk rage {!q}
 U - 2 potions of magic
 X - 4 potions of brilliance
Miscellaneous
 f - a tin of tremorstones (2/2)
 l - a lightning rod (4/4)
 L - a phial of floods
 Y - a phantom mirror

Dungeon Overview and Level Annotations

Branches:
Dungeon (15/15)            Temple (1/1) D:7            Lair (5/5) D:8
 Shoals (4/4) Lair:3       Spider (4/4) Lair:2        Slime (0/5) Lair:5
    Orc (2/2) D:12            Elf (3/3) Orc:2        Vaults (5/5) D:14
  Crypt (0/3) Vaults:2     Depths (4/4) D:15            Zot (5/5) Depths:4

Altars:
Ashenzari
Cheibriados
Dithmenos
Elyvilon
Fedhas
Gozag
Hepliaklqana
Kikubaaqudgha
Makhleb
Nemelex Xobeh
Okawaru
Qazlal
Ru
Sif Muna
Trog
Uskayaw
Vehumet
Wu Jian
Xom
Yredelemnul
Zin
The Shining One
Lugonu

Shops:
D:1 !   D:7 ?   D:11 =   Orc:2 ([[!   Elf:1 (**:*   Elf:2 *   Lair:5 [*
Shoals:2 *   Shoals:3 (*   Vaults:2 *   Vaults:3 *   Vaults:5 *   Depths:3 *
Depths:4 (

Portals:
Hell: Depths:1 Depths:2 Depths:3 Depths:4
Abyss: D:9 Lair:5 Depths:1 Depths:3
Pandemonium: Depths:2 Depths:3
Ziggurat: Depths:2

Annotations:
D:5 1 runed translucent door, Knekkebjoern2's ghost, novice HOFi
D:9 2 transporters, Scrunko's ghost, journeyman DjFE
D:10 Harold
Shoals:1 exclusion: kraken
Shoals:2 exclusion: downstairs
Shoals:4 Mara
Elf:1 3 runed translucent doors, exclusion: obsidian statue, spaghetti's ghost, journeyman DsCK
Vaults:2 3 runed translucent doors, Feplao's ghost, adept DgSh
Depths:1 exclusion: obsidian statue
Depths:3 exclusion: Tzitzimitl

#.##....##.##### #.####..#
######........#.....#
#.......#
.....#.##.#...#####.#
######.##
.............#.###.## #...#
.....#.##...###.#.## ####
#...# ######.##..## ##.##
##..###...###
#.####.###.#.###.#..........
#....##2#.#.#.#.##.......)..
###.##.#.#.8.#.###..........
#.#2#.#2#.#.#.######...###
##### #..#.###.#.###.##
#...# ....# ##...## ##.##
##.# #...# ###.###.####
##.#.###..# ##### ###.##.##
##.###.#...# .2....##
#.#####...## .##.#.#
#....####.# .##.#.#
####......#


You could see a reaper (unaware).


Message History

The now-empty wand crumbles to dust.
Unknown command.
An Orb Guardian comes into view.
You block the Orb Guardian's attack. The reaper drags you backwards!
Unknown command.
You thrash the Orb Guardian!!! Your squeeze misses the Orb Guardian.
The Orb Guardian is severely wounded.
You block the Orb Guardian's attack. You block the reaper's attack.
You block the Orb Guardian's attack.
You completely miss the Orb Guardian. Your squeeze misses the Orb Guardian.
The Orb Guardian is severely wounded.
The reaper misses you. You block the reaper's attack.
You barely miss the Orb Guardian.
The Orb Guardian is severely wounded.
You block the Orb Guardian's attack. The reaper completely misses you.
You bludgeon the Orb Guardian!
The Orb Guardian is almost dead.
You block the Orb Guardian's attack. The reaper barely misses you.
You batter the Orb Guardian!!
You kill the Orb Guardian!
You block the reaper's attack.
Unknown command.
You block the reaper's attack. x2
You see here 16 gold pieces.
Unknown command.
There is a staircase leading out of the dungeon here.
Unknown command.
Unknown command.
The reaper is distracted by your dazzling golden aura.
You have escaped!

Skill      XL: |  1  2  3  4  5  6  7  8  9 10 11 12 13 14 15 16 17 18 19 20 21 22 23 24 25 26 |
---------------+-------------------------------------------------------------------------------+-----
Stealth        | 1 2 3 4 5 8 10 16 19 | 19.1
Shapeshifting  | 4 5 6 8 11 13 16 | 16.0
Conjurations   | 1 2 3 |  3.7
Fighting       | 2 5 6 8 9 10 11 12 14 15 16 18 21 22 | 22.2
Unarmed Combat | 5 7 8 11 13 15 17 18 20 | 20.0
Dodging        | 3 5 7 8 9 10 13 15 18 | 18.9
Shields        | 3 5 7 10 11 13 14 15 | 15.0
Alchemy        | 5 10 | 10.0
Spellcasting   | 2 4 6 7 9 10 | 10.0
Summonings     | 4 7 8 9 12 13 15 16 | 16.7
Air Magic      | 4 5 |  5.0
Translocations | 5 |  5.0
Hexes          | 1 5 |  5.0
Evocations     | 1 5 |  5.0
Earth Magic    | |  0.3

Action                     |  1- 3 |  4- 6 |  7- 9 | 10-12 | 13-15 | 16-18 | 19-21 | 22-24 | 25-27 || total
---------------------------+-------+-------+-------+-------+-------+-------+-------+-------+-------++-------
  Melee: Unarmed           |    66 |     3 |   248 |   346 |   618 |   664 |   607 |   674 |   359 ||  3585
         Constrict         |    13 |    34 |    60 |    24 |    68 |   143 |    83 |   124 |    35 ||   584
         Tentacles         |    12 |    25 |    76 |    90 |   167 |   153 |   175 |   206 |   113 ||  1017
         Punch             |     5 |     8 |       |    25 |    46 |    94 |    95 |   105 |    74 ||   452
         Dagger            |       |    97 |       |     4 |       |       |       |       |       ||   101
  Throw: Javelin           |       |       |       |     3 |       |       |       |       |       ||     3
         Dart              |       |       |       |     4 |       |       |       |       |       ||     4
   Cast: Magic Dart        |       |    84 |    94 |    53 |    76 |    21 |     1 |       |       ||   329
         Blink             |       |       |       |     1 |       |     1 |     1 |     5 |     4 ||    12
         Olgreb's Toxic Ra |       |       |       |       |    94 |   156 |    37 |    58 |       ||   345
         Summon Lightning  |       |       |       |       |       |    43 |    22 |    15 |     2 ||    82
         Airstrike         |       |       |       |       |       |    21 |       |       |       ||    21
         Summon Cactus Gia |       |       |       |       |       |       |    27 |    29 |       ||    56
         Summon Mana Viper |       |       |       |       |       |       |    20 |    26 |    19 ||    65
         Monstrous Menager |       |       |       |       |       |       |    15 |    41 |    13 ||    69
         Ignite Poison     |       |       |       |       |       |       |     5 |    13 |       ||    18
         Summon Hydra      |       |       |       |       |       |       |       |    24 |    29 ||    53
         Vhi's Electric Ch |       |       |       |       |       |       |       |     9 |    13 ||    22
 Invoke: Potion Petition   |       |       |       |     1 |       |     1 |     1 |       |       ||     3
         Call Merchant     |       |       |       |       |     2 |     1 |       |     3 |       ||     6
         Bribe Branch      |       |       |       |       |       |     1 |       |     2 |     1 ||     4
  Evoke: Wand              |       |     2 |     9 |     9 |    14 |       |       |       |     5 ||    39
         Phantom mirror    |       |       |       |       |       |       |       |     1 |       ||     1
    Use: Potion            |     1 |       |     5 |     5 |     5 |     4 |     4 |     7 |     8 ||    39
         Scroll            |       |     1 |    14 |     2 |    11 |    12 |     5 |    14 |    16 ||    75
   Stab: Sleeping          |     7 |     4 |     1 |    15 |    15 |    13 |    16 |    18 |     3 ||    92
         Distracted        |       |     2 |     1 |     6 |    10 |    19 |     8 |    17 |     7 ||    70
         Invisible         |       |       |       |     2 |       |       |       |     1 |       ||     3
 Armour: Skin              |    27 |    48 |   101 |   423 |   421 |   541 |   573 |   543 |   286 ||  2963
  Dodge: Dodged            |    33 |    58 |   179 |   315 |   349 |   587 |   517 |   595 |   340 ||  2973
  Block: Other             |       |       |       |    12 |       |     5 |       |       |       ||    17
         Reflection        |       |       |       |     1 |    33 |    60 |    27 |       |       ||   121
         Tower shield      |       |       |       |   174 |   930 |  1319 |   849 |   821 |   598 ||  4691
   Form: Flux              |       |       |     1 |       |       |       |       |       |       ||     1
         Statue            |       |       |       |     1 |       |       |       |       |       ||     1

Levels and vault maps discovered:
D:1:      minmay_arrival_diagonal_passages, layout_loops_cross, serial_shops,
          shop
D:2:      layout_loops_cross, minmay_shallow_snake_nest, uniq_jessica
D:3:      layout_basic, minmay_pentomino_pile
D:4:      layout_loops_ring, minmay_overflow_temple_hex,
          nicolae_overflow_hidden_temple, guppyfry_early_lair_pool
D:5:      nicolae_cairo_tiling_large_dashed, layout_loops_ring,
          hellmonk_ghost_happy_afterlife
D:6:      cheibrodos_helix_gallery, layout_loops_ring, st_stairs_12,
          serial_bayou_ford_a
D:7:      layout_loops_ring, minmay_temple_entry_slanted, serial_shops,
          nicolae_shop_competitors_out_of_business, enter_bailey_3,
          hellmonk_no_cap
D:8:      layout_loops_ring, nicolae_uskayaw_en_pointe, hellmonk_lair_entry_icy,
          serial_glass, glass_columns_a, glass_columns_b, feat_on_display,
          minmay_strange_pillars
D:9:      layout_irregular_city, gammafunk_ghost_abyssal_escape
D:10:     minmay_imperfect_grid, layout_long_grid, dreamdust_princess_bridge,
          uniq_erica, uniq_snorg, uniq_gastronok, uniq_harold
D:11:     layout_basic, serial_shops, nicolae_shop_gaudy_bauble
D:12:     layout_layer_cave, orc_0_dummy
D:13:     layout_basic, nicolae_trove_entry_columns, uniq_urug
D:14:     minmay_thinvault, layout_loops_ring, grunt_vaults_entry_tiered,
          hangedman_decor_diamond_cutter, special_room [special_room_orc],
          kennysheep_just_a_vault
D:15:     grunt_enter_depths_hoard, layout_cave_pools, nicolae_titane,
          uniq_kirke
Temple:   nicolae_temple_god_jail
Lair:1:   layout_regular_city, enter_volcano_1
Lair:2:   layout_misc_corridors, hellmonk_spider_entry_not_the_bees,
          lemuel_fruit_tree
Lair:3:   nzn_winding_woodlands_medium [nzn_winding_woodlands_5x5_default,
          nzn_winding_woodlands_5x15_sidewinder,
          nzn_winding_woodlands_5x5_cross,
          nzn_winding_woodlands_5x5_closed_star,
          nzn_winding_woodlands_center_triple_pond,
          nzn_winding_woodlands_5x5_perimeter,
          nzn_winding_woodlands_5x5_default,
          nzn_winding_woodlands_5x15_lazy_stream,
          nzn_winding_woodlands_hourglass], layout_cave_pods,
          elwin_shoals_entry_rocks, chequers_serial_rivers_micro_a,
          beast_lair_carwin_2
Lair:4:   layout_hall_layers, uniq_sonja
Lair:5:   hellmonk_lair_end_abyssal_woods, layout_cave_pods,
          minmay_slime_entry_oklob_open, gammafunk_ghost_arena,
          chequers_serial_rivers_large_a, eino_small_chamber_without_monster,
          uniq_josephine
Shoals:1: cheibrodos_shoals_baths, layout_shoals
Shoals:2: layout_shoals, nicolae_shoals_beach_cooler
Shoals:3: layout_shoals, serial_shops, nicolae_shop_trees,
          nicolae_alphabet_shops, nicolae_splish_splash, uniq_jorgrun,
          uniq_ilsuiw
Shoals:4: shoals_end_grunt_ice, layout_shoals, shoals_ilsuiw_ice, uniq_mara
Spider:1: layout_cave_pods
Spider:2: nicolae_spider_hilbert_zone_2 [nicolae_spider_hilbert_4_sides_1_open,
          nicolae_spider_hilbert_4_sides_1_open,
          nicolae_spider_hilbert_4_sides_1_open,
          nicolae_spider_hilbert_4_sides_1_open,
          nicolae_spider_hilbert_6_sides_1_open,
          nicolae_spider_hilbert_6_sides_1_open,
          nicolae_spider_hilbert_3_sides_1_open,
          nicolae_spider_hilbert_3_sides_1_open,
          nicolae_spider_hilbert_3_sides_1_open,
          nicolae_spider_hilbert_3_sides_1_open,
          nicolae_spider_hilbert_6_sides_1_open,
          nicolae_spider_hilbert_6_sides_1_open,
          nicolae_spider_hilbert_6_sides_1_open,
          nicolae_spider_hilbert_6_sides_1_open], drop_trap
Spider:3: layout_spider_delve
Spider:4: grunt_spider_rune_parallel, special_room [special_room_bee]
Orc:1:    layout_diamond_mine, nicolae_orc_damp_corner,
          nicolae_orc_flooded_monolith
Orc:2:    grunt_orc_tribal_feast, layout_diamond_mine, nicolae_orc_crystal_geode
Elf:1:    eino_elf_arrival_the_gate, layout_geoelf_octagon, ebering_ghost_gozag,
          minmay_elf_necromancy, minmay_shop_star
Elf:2:    nicolae_elf_blades_crystal_corner, layout_onion_city, serial_shops,
          shop, door_vault
Elf:3:    grunt_elf_hall_asides, layout_geoelf_octagon,
          small_statue_intersection, uniq_norris, uniq_bai_suzhen
Vaults:1: ebering_ghost_disaster_area, ontoclasm_vaults_idyll,
          nicolae_vaults_double_plus_1, nicolae_vaults_trapezoid_layered,
          nicolae_vaults_border_crossing, nicolae_vaults_sightless_eye,
          ontoclasm_vaults_chip, hangedman_vaults_impose, st_cells,
          layout_vaults_quadrants
Vaults:2: gammafunk_ghost_fury_of_okawaru, ontoclasm_vaults_spin,
          minmay_crypt_entry_necro_gods, grunt_vaults_diagonal,
          vaults_dpeg_encased_lava, vaults_dpeg_ring, dpeg_vaults_monster_box,
          layout_vaults_maze_snakey, serial_shops, shop_fountains
Vaults:3: nicolae_vaults_thirteen_compartments, nicolae_vaults_little_squares_6,
          v_misc_3, nicolae_vaults_tangram_2, vaults_room_door_ring,
          nicolae_vaults_door_testing_chamber, vaults_room_semicircle,
          vaults_dpeg_hooks, nicolae_vaults_rhombus_5,
          layout_vaults_chaotic_city, serial_shops, shop
Vaults:4: ontoclasm_vaults_claustrophobia, nicolae_vaults_more_shelving_1,
          v_misc_13, nicolae_vaults_ellipses_ellipsis,
          nicolae_vaults_little_squares_1, nicolae_vaults_weapon_check,
          nicolae_vaults_six-pack, v_rooms_4, ontoclasm_vaults_bender,
          vaults_mumra_minichess_inversion, layout_vaults_ring, uniq_xtahua
Vaults:5: serial_shops, uniq_margery
Depths:1: layout_basic, nicolae_zig_zag_zippers, abyss_entry_crystal,
          hellmouth_3, nrook_pool_corridor, hangedman_abyss_or_decor_clamps,
          roderic_roman_lattice, hangedman_devilish_allure
Depths:2: minmay_three_patterns, layout_basic, enter_ziggurat_a,
          rand_demon_pan_entry_8, hell_entry, serial_bayou_pond_e,
          serial_bayou_pond_b
Depths:3: cheibrodos_tormentor_scu, layout_cave_pools, hell_entry,
          corexii_hall_statues_s, abyss_entry, pan_entry,
          hangedman_feature_mirror, guppyfry_shop_earth,
          infiniplex_staircase_star
Depths:4: evilmike_zot_entry_argh, layout_cave_shapes, hell_entry,
          hangedman_decor_clover_reticule, serial_shops,
          nicolae_shop_tiny_glass, uniq_boris, uniq_jory
Zot:1:    layout_gridlike
Zot:2:    layout_misc_corridors, regret_index_zotdec_decaying_basic
Zot:3:    layout_cathedral_of_symmetry, regret_index_zotdec_golden_two_three
Zot:4:    layout_basic, regret_index_zotdec_twisting_globes
Zot:5:    layout_twisted_circle

Notes
Turn   | Place    | Note
-------+----------+-------------------------------------------
     0 | D:1      | Ruich the Octopode Shapeshifter began the quest for the
                  | Orb.
     0 | D:1      | Reached XP level 1. HP: 13/13 MP: 1/1
   137 | D:1      | Reached XP level 2. HP: 8/18 MP: 2/2
   413 | D:1      | Found Zufanwosk's Distillery.
   695 | D:1      | Reached XP level 3. HP: 23/23 MP: 3/3
  1356 | D:2      | Reached skill level 1 in Stealth
  1716 | D:2      | Reached XP level 4. HP: 20/28 MP: 4/4
  1785 | D:2      | Learned a level 1 spell: Sandblast
  2031 | D:2      | Reached skill level 4 in Shapeshifting
  2107 | D:2      | Learned a level 1 spell: Magic Dart
  2351 | D:2      | Noticed Jessica
  2356 | D:2      | Killed Jessica
  2357 | D:2      | Reached skill level 2 in Stealth
  2357 | D:2      | Reached skill level 1 in Conjurations
  2357 | D:2      | Reached XP level 5. HP: 30/33 MP: 5/5
  3920 | D:3      | Reached skill level 3 in Stealth
  3920 | D:3      | Reached skill level 2 in Conjurations
  3920 | D:3      | Reached XP level 6. HP: 34/38 MP: 2/7
  4894 | D:3      | Reached skill level 5 in Shapeshifting
  5502 | D:3      | Reached skill level 4 in Stealth
  5646 | D:4      | Reached XP level 7. HP: 40/43 MP: 6/8
  6355 | D:4      | Found a blossoming altar of Fedhas.
  6490 | D:4      | Found a glowing silver altar of Zin.
  6490 | D:4      | Found a radiant altar of Vehumet.
  6490 | D:4      | Found an ornate altar of the Wu Jian Council.
  6490 | D:4      | Found a shadowy altar of Dithmenos.
  6497 | D:4      | Found an ancient bone altar of Kikubaaqudgha.
  6497 | D:4      | Found a glowing golden altar of the Shining One.
  6577 | D:5      | Entered Level 5 of the Dungeon
  6607 | D:5      | Reached skill level 3 in Conjurations
  6617 | D:5      | Found a runed translucent door.
  6617 | D:5      | Noticed Knekkebjoern2's ghost (novice HOFi)
  6762 | D:5      | Reached skill level 2 in Fighting
  6819 | D:5      | Reached skill level 6 in Shapeshifting
  7006 | D:5      | Reached XP level 8. HP: 43/51 MP: 7/9
  7352 | D:5      | Reached skill level 4 in Unarmed Combat
  8085 | D:6      | Reached skill level 7 in Shapeshifting
  8678 | D:6      | Reached skill level 5 in Unarmed Combat
  9678 | D:7      | Reached skill level 8 in Shapeshifting
  9888 | D:7      | Found a flagged portal.
  9983 | D:7      | Reached XP level 9. HP: 55/55 MP: 10/10
 10056 | D:7      | Found a staircase to the Ecumenical Temple.
 10075 | Temple   | Entered the Ecumenical Temple
 10173 | Temple   | Became a worshipper of Gozag Ym Sagoz the Greedy
 10292 | D:7      | Reached skill level 9 in Shapeshifting
 10656 | D:7      | Found Deng's Magic Scroll Shoppe.
 10662 | D:7      | Bought a scroll of identify for 28 gold pieces
 10662 | D:7      | Bought a scroll of identify for 28 gold pieces
 11234 | D:8      | Noticed a +0 spear
 11234 | D:8      | Noticed a +0 falchion
 11234 | D:8      | Noticed a +0 dagger
 11234 | D:8      | Noticed a +0 short sword
 11252 | D:8      | Noticed a +0 falchion
 11252 | D:8      | Noticed a +0 spear
 11252 | D:8      | Noticed a +0 dagger
 11260 | D:8      | Noticed a +0 short sword
 11498 | D:8      | Found a hide-covered altar of Uskayaw.
 11810 | D:8      | Reached skill level 10 in Shapeshifting
 11863 | D:8      | Noticed a rime drake
 12232 | D:8      | Learned a level 2 spell: Blink
 12236 | D:8      | Learned a level 3 spell: Stone Arrow
 12288 | D:8      | Reached skill level 11 in Shapeshifting
 12425 | D:8      | Reached XP level 10. HP: 52/61 MP: 7/11
 12576 | D:8      | Found a staircase to the Lair.
 13093 | D:8      | Reached skill level 12 in Shapeshifting
 13506 | D:9      | Noticed a two-headed ogre
 13828 | D:9      | Killed an unseen horror
 13860 | D:9      | Found a transporter.
 13864 | D:9      | Found a transporter.
 13890 | D:9      | Identified the +0 scale mail "Byklot" {rCorr Str+3}
 14303 | D:9      | Reached skill level 13 in Shapeshifting
 14324 | D:9      | Killed a two-headed ogre
 14618 | D:9      | Noticed a thrashing horror
 14619 | D:9      | Found a one-way gate to the infinite horrors of the Abyss.
 14619 | D:9      | Noticed Scrunko's ghost (journeyman DjFE)
 15038 | D:10     | Entered Level 10 of the Dungeon
 15058 | D:10     | Reached XP level 11. HP: 63/65 MP: 12/12
 15153 | D:10     | Noticed Gastronok
 15161 | D:10     | Noticed Harold
 15360 | D:9      | Reached skill level 14 in Shapeshifting
 16099 | D:10     | Killed Gastronok
 16220 | D:10     | Noticed a two-headed ogre
 16286 | D:10     | Killed a two-headed ogre
 16495 | D:10     | Noticed a two-headed ogre
 16498 | D:10     | Killed a two-headed ogre
 16504 | D:10     | Reached skill level 15 in Shapeshifting
 16621 | D:10     | Noticed Snorg
 16646 | D:10     | Killed Snorg
 17021 | D:10     | Identified the +1 chain mail of Perpetual Drought {rElec
                  | Dex+3 Slay+3}
 17023 | D:10     | Noticed Erica
 17041 | D:10     | Killed Erica
 17345 | D:10     | Noticed a cyclops
 17345 | D:10     | Noticed a centaur warrior
 17346 | D:10     | Killed a cyclops
 17351 | D:10     | Killed a centaur warrior
 17352 | D:10     | Reached skill level 16 in Shapeshifting
 17352 | D:10     | Reached XP level 12. HP: 72/72 MP: 13/13
 17355 | D:10     | Reached skill level 3 in Fighting
 17400 | D:10     | Reached skill level 5 in Stealth
 17459 | D:10     | Reached skill level 3 in Dodging
 17464 | D:10     | Noticed a two-headed ogre
 17468 | D:10     | Killed a two-headed ogre
 17513 | D:10     | Noticed a two-headed ogre
 17519 | D:10     | Killed a two-headed ogre
 17520 | D:10     | Reached skill level 4 in Fighting
 17520 | D:10     | Reached skill level 6 in Unarmed Combat
 17520 | D:10     | Noticed a two-headed ogre
 17528 | D:10     | Killed a two-headed ogre
 18005 | D:10     | Learned a level 4 spell: Olgreb's Toxic Radiance
 18060 | Lair:1   | Entered Level 1 of the Lair of Beasts
 18460 | Lair:1   | Reached skill level 1 in Shields
 18460 | Lair:1   | Reached skill level 1 in Alchemy
 18485 | Lair:1   | Found a dark tunnel.
 18518 | Lair:1   | Reached skill level 2 in Alchemy
 18522 | Lair:1   | Identified the +0 pair of boots of Cocytus {Dex+5}
 18903 | Lair:1   | Reached skill level 2 in Shields
 18981 | Lair:2   | Reached skill level 3 in Alchemy
 18982 | Lair:2   | Reached skill level 5 in Fighting
 18997 | Lair:2   | Found a hole to the Spider Nest.
 19037 | Lair:2   | Reached skill level 7 in Unarmed Combat
 19213 | Lair:2   | Identified the +2 robe of Gozag's Grace {rElec Archmagi}
 19427 | Lair:2   | Reached skill level 4 in Alchemy
 19956 | Lair:2   | Reached skill level 3 in Shields
 20401 | Lair:3   | Reached skill level 5 in Alchemy
 20409 | Lair:3   | Reached XP level 13. HP: 83/83 MP: 14/14
 20673 | Lair:3   | Reached skill level 6 in Alchemy
 20738 | Lair:3   | Reached skill level 7 in Alchemy
 20909 | Lair:3   | Reached skill level 8 in Alchemy
 20923 | Lair:3   | Reached skill level 9 in Alchemy
 20999 | Lair:3   | Found a staircase to the Shoals.
 21325 | Lair:3   | Reached skill level 10 in Alchemy
 21411 | Lair:3   | Reached skill level 6 in Fighting
 21411 | Lair:3   | Reached skill level 4 in Dodging
 21411 | Lair:3   | Reached skill level 1 in Spellcasting
 21894 | Lair:4   | Reached skill level 8 in Unarmed Combat
 21959 | Lair:4   | Reached skill level 2 in Spellcasting
 22298 | Lair:4   | Noticed Sonja
 22307 | Lair:4   | Killed Sonja
 22586 | Lair:5   | Entered Level 5 of the Lair of Beasts
 22699 | Lair:5   | Reached skill level 5 in Dodging
 22699 | Lair:5   | Reached XP level 14. HP: 90/90 MP: 18/18
 22822 | Lair:5   | Found a transporter.
 22823 | Lair:5   | Noticed spaghetti's ghost (journeyman DsCK)
 22826 | Lair:5   | Found a transporter.
 22846 | Lair:5   | Reached skill level 9 in Unarmed Combat
 22907 | Lair:5   | Reached skill level 3 in Spellcasting
 23033 | Lair:5   | Reached skill level 7 in Fighting
 23170 | Lair:5   | Found a staircase to the Slime Pits.
 24257 | Lair:5   | Killed spaghetti's ghost
 24505 | Lair:5   | Reached skill level 4 in Spellcasting
 24870 | Lair:5   | Reached skill level 10 in Unarmed Combat
 24966 | Lair:5   | Reached skill level 6 in Dodging
 25280 | Lair:5   | Bought a scroll of revelation for 225 gold pieces
 25280 | Lair:5   | Bought a potion of heal wounds for 150 gold pieces
 25987 | Lair:5   | Reached skill level 8 in Fighting
 26305 | Lair:5   | Reached skill level 4 in Shields
 26330 | Lair:5   | Noticed Josephine
 26936 | Lair:5   | Killed Josephine
 27278 | Lair:5   | Reached skill level 7 in Dodging
 27757 | Lair:5   | Found a corrupted altar of Lugonu.
 28823 | D:11     | Found Obrob's Jewellery Boutique.
 28825 | D:11     | Bought the ring "Quxtoeg" {rN+ EV+5 Int+3 Dex+3} for 1016
                  | gold pieces
 29270 | D:11     | Reached skill level 11 in Unarmed Combat
 29433 | D:12     | Reached skill level 5 in Shields
 29736 | D:12     | Reached XP level 15. HP: 100/100 MP: 14/21
 30119 | D:12     | Reached skill level 9 in Fighting
 30319 | D:12     | Found a staircase to the Orcish Mines.
 30701 | D:13     | Noticed Urug
 30742 | D:13     | Killed Urug
 31230 | D:13     | Found a portal to a secret trove of treasure.
 31422 | D:7      | Bought a scroll of fog for 56 gold pieces
 31543 | Lair:5   | Bought a scroll of fog for 120 gold pieces
 31731 | D:13     | You paid a toll of 6 scrolls of fog to enter a treasure
                  | trove
 31732 | Trove    | Entered a treasure trove
 31755 | Trove    | Found the +9 sword of Zonguldrok {reap}
 31760 | Trove    | Identified the +3 lajatang of Shrieking Tenacity {venom,
                  | rElec rCorr Str+3}
 31763 | Trove    | Identified the +11 glaive "Embalmer" {venom, rN+ Int+3}
 31764 | Trove    | Identified the +8 lajatang of the Valley of Death
                  | {antimagic, Dex+3}
 31937 | D:13     | Reached skill level 8 in Dodging
 32036 | D:13     | Reached skill level 6 in Shields
 32132 | D:14     | Reached skill level 12 in Unarmed Combat
 32173 | D:14     | Learned a level 4 spell: Summon Lightning Spire
 32261 | D:14     | Reached skill level 1 in Summonings
 32261 | D:14     | Reached skill level 1 in Air Magic
 32325 | D:14     | Found a gate to the Vaults.
 32335 | D:14     | Reached skill level 2 in Summonings
 32335 | D:14     | Reached skill level 2 in Air Magic
 32860 | D:14     | Reached skill level 7 in Shields
 32865 | D:14     | Reached skill level 3 in Summonings
 32865 | D:14     | Reached skill level 3 in Air Magic
 33012 | D:14     | Reached skill level 13 in Unarmed Combat
 33817 | D:15     | Entered Level 15 of the Dungeon
 34191 | D:15     | Reached skill level 4 in Summonings
 34191 | D:15     | Reached skill level 4 in Air Magic
 34344 | D:15     | Found a staircase to the Depths.
 34719 | D:15     | Noticed Kirke
 34728 | D:15     | Killed Kirke
 35034 | D:15     | Reached XP level 16. HP: 108/108 MP: 22/22
 35693 | Orc:1    | Entered Level 1 of the Orcish Mines
 35789 | Orc:2    | Entered Level 2 of the Orcish Mines
 35800 | Orc:2    | Reached skill level 8 in Shields
 35818 | Orc:2    | Found a staircase to the Elven Halls.
 35987 | Orc:1    | Reached skill level 5 in Summonings
 35988 | Orc:1    | Reached skill level 5 in Air Magic
 35992 | Orc:1    | Reached skill level 14 in Unarmed Combat
 38020 | Orc:2    | Reached skill level 6 in Summonings
 38048 | Orc:2    | Found Yzeompef's Distillery.
 38048 | Orc:2    | Found Daewopsy's Antique Weapon Emporium.
 38051 | Orc:2    | Found Zeuseis's Armour Shop.
 38051 | Orc:2    | Found Deng's Antique Armour Emporium.
 38270 | Orc:2    | Bought 2 potions of haste for 260 gold pieces
 38270 | Orc:2    | Bought a potion of curing for 39 gold pieces
 38270 | Orc:2    | Bought a potion of might for 52 gold pieces
 38270 | Orc:2    | Bought a potion of berserk rage for 65 gold pieces
 38270 | Orc:2    | Bought a potion of curing for 39 gold pieces
 38461 | Spider:1 | Entered Level 1 of the Spider Nest
 38498 | Spider:1 | Reached skill level 5 in Spellcasting
 38525 | Spider:1 | Reached skill level 9 in Shields
 38919 | Spider:1 | Reached skill level 15 in Unarmed Combat
 39593 | Spider:2 | Reached skill level 7 in Summonings
 39855 | Spider:2 | Reached skill level 6 in Spellcasting
 40159 | Spider:2 | Reached skill level 10 in Shields
 40291 | Spider:2 | Reached XP level 17. HP: 113/113 MP: 26/26
 40647 | Spider:2 | Reached skill level 8 in Summonings
 40650 | Spider:2 | Reached skill level 16 in Unarmed Combat
 41998 | Spider:3 | Reached skill level 1 in Translocations
 42417 | Spider:3 | Reached skill level 2 in Translocations
 42996 | Spider:4 | Entered Level 4 of the Spider Nest
 42999 | Spider:4 | Reached skill level 11 in Shields
 43024 | Spider:4 | Reached skill level 3 in Translocations
 43190 | Spider:4 | Reached skill level 10 in Fighting
 43973 | Spider:4 | Identified a +1 robe of resistance
 44049 | Spider:4 | Reached skill level 4 in Translocations
 44610 | Spider:4 | Reached skill level 17 in Unarmed Combat
 45837 | Spider:4 | Reached skill level 5 in Translocations
 45883 | Spider:4 | Reached XP level 18. HP: 110/120 MP: 7/27
 45935 | Spider:4 | Reached skill level 12 in Shields
 46635 | Spider:4 | Got a gossamer rune of Zot
 46790 | Spider:4 | Learned a level 4 spell: Airstrike
 47805 | Lair:5   | Identified the +8 scimitar "Ycomej" {drain, Fly rF+ SInv
                  | Stlth+}
 48096 | Shoals:1 | Entered Level 1 of the Shoals
 48377 | Shoals:1 | Reached skill level 11 in Fighting
 49270 | Shoals:2 | Found a runed translucent gate.
 49270 | Shoals:2 | Found a runed translucent gate.
 49273 | Shoals:2 | Found a runed translucent gate.
 49783 | Shoals:2 | Reached skill level 13 in Shields
 49956 | Shoals:2 | Reached skill level 9 in Summonings
 50589 | Shoals:2 | Learned a level 5 spell: Summon Mana Viper
 50717 | Shoals:2 | Bought a scroll of amnesia for 72 gold pieces
 50717 | Shoals:2 | Bought a potion of mutation for 144 gold pieces
 50797 | Shoals:3 | Reached skill level 1 in Hexes
 50797 | Shoals:3 | Noticed Jorgrun
 50816 | Shoals:3 | Found Zupudghi Kea's Antique Weapon Shop.
 50822 | Shoals:3 | Killed Jorgrun
 50871 | Shoals:3 | Reached skill level 9 in Dodging
 50875 | Shoals:3 | Found Sheid's Superlative Supplies.
 50916 | Shoals:3 | Bought a scroll of silence for 190 gold pieces
 50916 | Shoals:3 | Bought a book of Scorching for 600 gold pieces
 50925 | Shoals:3 | Learned a level 6 spell: Summon Cactus Giant
 51007 | Shoals:3 | Reached XP level 19. HP: 124/131 MP: 28/28
 51009 | Shoals:3 | Reached skill level 2 in Hexes
 51248 | Shoals:3 | Noticed Ilsuiw
 51847 | Shoals:3 | Killed Ilsuiw
 52229 | Shoals:3 | Reached skill level 3 in Hexes
 52235 | Shoals:3 | HP: 17/170 [merfolk javelineer/javelin[Ilsuiw] (15)]
 52239 | Shoals:3 | HP: 5/170 [merfolk javelineer/javelin (9)]
 53146 | Shoals:3 | Reached skill level 10 in Summonings
 53233 | Shoals:3 | Reached skill level 4 in Hexes
 53583 | Shoals:4 | Entered Level 4 of the Shoals
 53584 | Shoals:4 | Noticed Mara
 53600 | Shoals:4 | Reached skill level 5 in Hexes
 53851 | Shoals:4 | Reached skill level 11 in Summonings
 53886 | Shoals:4 | Got a barnacled rune of Zot
 55180 | Vaults:1 | Entered Level 1 of the Vaults
 55229 | Vaults:1 | Reached skill level 12 in Fighting
 55602 | Vaults:1 | Reached skill level 12 in Summonings
 55899 | Vaults:1 | Found a large runed translucent door.
 55899 | Vaults:1 | Found a large runed translucent door.
 55900 | Vaults:1 | Noticed Bailed's ghost (veteran MiMo)
 55936 | Vaults:1 | Killed Bailed's ghost
 55937 | Vaults:1 | Reached skill level 7 in Spellcasting
 55973 | Vaults:1 | Identified the +7 shortbow of Conservatism {heavy, rN++}
 56508 | Vaults:1 | Learned a level 7 spell: Monstrous Menagerie
 56665 | Vaults:2 | Reached skill level 1 in Evocations
 56667 | Vaults:2 | Reached XP level 20. HP: 129/139 MP: 17/31
 57003 | Vaults:2 | Reached skill level 13 in Fighting
 57009 | Vaults:2 | Reached skill level 2 in Evocations
 57072 | Vaults:2 | Reached skill level 6 in Stealth
 57152 | Vaults:2 | Found Mafips's General Store.
 57158 | Vaults:2 | Bought a scroll of revelation for 142 gold pieces
 57158 | Vaults:2 | Bought a book of Blood for 532 gold pieces
 57270 | Vaults:2 | Reached skill level 3 in Evocations
 57292 | Vaults:2 | Found a staircase to the Crypt.
 57292 | Vaults:2 | Found an ancient bone altar of Kikubaaqudgha.
 57293 | Vaults:2 | Found a basalt altar of Yredelemnul.
 57547 | Vaults:2 | Reached skill level 7 in Stealth
 57648 | Vaults:2 | Paralysed by a sphinx for 2 turns
 57939 | Vaults:2 | Found a runed translucent gate.
 57941 | Vaults:2 | Found a runed translucent gate.
 57942 | Vaults:2 | Found a runed translucent gate.
 57943 | Vaults:2 | Noticed Feplao's ghost (adept DgSh)
 57945 | Vaults:2 | Found an iron altar of Okawaru.
 57992 | Vaults:2 | Reached skill level 13 in Summonings
 58001 | Vaults:2 | Reached skill level 8 in Spellcasting
 58008 | Vaults:2 | Reached skill level 4 in Evocations
 58531 | Vaults:3 | Reached skill level 8 in Stealth
 58940 | Vaults:3 | Reached skill level 5 in Evocations
 59142 | Vaults:3 | Found Xotam's Assorted Antiques.
 59802 | Vaults:3 | Reached skill level 14 in Fighting
 59802 | Vaults:3 | Reached skill level 9 in Spellcasting
 59817 | Vaults:3 | Learned a level 4 spell: Ignite Poison
 60424 | Vaults:4 | Reached XP level 21. HP: 148/148 MP: 15/34
 60435 | Vaults:4 | Reached skill level 14 in Summonings
 60721 | Vaults:4 | Valrug: d0 it t0 it
 60747 | Vaults:4 | Valrug: smak smak smak
 60748 | Vaults:4 | Ruich: heyyy
 60752 | Vaults:4 | Valrug: octopode i see
 60753 | Vaults:4 | Noticed Xtahua
 60753 | Vaults:4 | Ruich: statuepode
 60753 | Vaults:4 | Valrug: oooh
 60753 | Vaults:4 | Ruich: trying to go unarrmed melee & summons
 60909 | Vaults:4 | Killed Xtahua
 60967 | Vaults:4 | Identified the +0 ring mail of Tempters {rF+ Will+ Str-4}
 61221 | Vaults:4 | Ruich: main weakness atm is i only have 1+ will
 61221 | Vaults:4 | Ruich: no will rings in the whole game yet
 61365 | Vaults:4 | Reached skill level 10 in Spellcasting
 61718 | Depths:1 | Entered Level 1 of the Depths
 61719 | Depths:1 | Ruich: guess i gotta do depths/elf with no will
 61739 | Depths:1 | Valrug: oof
 61739 | Depths:1 | Valrug: that's gonna be rough
 61834 | Depths:1 | Reached skill level 15 in Fighting
 62081 | Depths:1 | Identified a potion of resistance
 62156 | Depths:1 | Reached skill level 15 in Summonings
 62412 | Depths:1 | Reached skill level 9 in Stealth
 62497 | Depths:1 | Ruich: brb babys up
 62497 | Depths:1 | Valrug: mk
 62497 | Depths:1 | Valrug: poison keeps wrecking me
 62497 | Depths:1 | Ruich: lets see if he'll sleep on my chest while i play XD
 62497 | Depths:1 | Ruich: poison is no joke
 62503 | Depths:1 | Found a gateway to Hell.
 63113 | Depths:1 | Ruich: holy cow i have 14 blink scrolls lol
 63197 | Depths:2 | Valrug: lol
 63207 | Depths:2 | Reached skill level 10 in Dodging
 63207 | Depths:2 | Reached skill level 10 in Stealth
 63207 | Depths:2 | Valrug: no blink needed 4 u
 63289 | Depths:2 | Reached skill level 14 in Shields
 63418 | Depths:2 | You fall into a shaft and drop 1 floor!
 63444 | Depths:3 | Got the Incunable of Petrous Ill Luck
 63536 | Depths:3 | Found Kethrud Avuch's Pet Rocks.
 63545 | Depths:3 | Valrug: looks like is going prety well
 63579 | Depths:3 | Found an ornate altar of the Wu Jian Council.
 63590 | Depths:3 | Found a one-way gate leading to the halls of Pandemonium.
 63730 | Depths:2 | Reached XP level 22. HP: 157/157 MP: 36/36
 63732 | Depths:2 | Ruich: this guy feels a lot beefier than my last few tengus
 63732 | Depths:2 | Ruich: not sure exactly why? think theres just a lot more
                  | hp on this one
 63924 | Depths:2 | Reached skill level 11 in Dodging
 64149 | Depths:2 | Noticed a juggernaut
 64159 | Depths:2 | Killed a juggernaut
 64163 | Depths:2 | Reached skill level 15 in Shields
 64212 | Depths:2 | Noticed a juggernaut
 64222 | Depths:2 | Killed a juggernaut
 64485 | Depths:2 | Reached skill level 18 in Unarmed Combat
 64496 | Depths:2 | Reached skill level 12 in Dodging
 64553 | Depths:2 | Found a one-way gateway to a ziggurat.
 64902 | Depths:2 | Valrug: maybe da shield
 64994 | Depths:2 | Ruich: nah i had a shield on the others too
 65173 | Depths:2 | Ruich: at least ill have some torment res on this guy
 66202 | Depths:3 | Found a shimmering altar of Xom.
 66560 | Depths:4 | Entered Level 4 of the Depths
 66817 | Depths:4 | Noticed Jory
 66820 | Depths:4 | Noticed a caustic shrike
 66825 | Depths:4 | Killed a caustic shrike
 66826 | Depths:4 | Noticed Boris
 66827 | Depths:4 | Killed Jory
 66827 | Depths:4 | Noticed a caustic shrike
 66829 | Depths:4 | Noticed a caustic shrike
 66829 | Depths:4 | Noticed a caustic shrike
 66829 | Depths:4 | Ruich: crap
 66829 | Depths:4 | Ruich: might be time to use up those blink scrolls lol
 66829 | Depths:4 | Ruich: think im gonna have to go rock the baby a few mins
 66829 | Depths:4 | Valrug: oof
 66829 | Depths:4 | Valrug: shrikes are no joke
 66829 | Depths:4 | Valrug: time to blink IMO
 66829 | Depths:4 | Noticed a caustic shrike
 66832 | Depths:4 | Killed a caustic shrike
 66836 | Depths:4 | Killed a caustic shrike
 66836 | Depths:4 | Killed a caustic shrike
 66837 | Depths:4 | Reached skill level 16 in Fighting
 66837 | Depths:4 | Reached skill level 13 in Dodging
 67096 | Depths:4 | Found Tazu's Antique Weapon Shop.
 67111 | Depths:4 | Killed Boris
 67501 | Depths:4 | Reached XP level 23. HP: 165/165 MP: 22/37
 67639 | Depths:4 | Killed a caustic shrike
 68722 | Depths:4 | Found a gate to the Realm of Zot.
 69711 | Elf:1    | Entered Level 1 of the Elven Halls
 69717 | Elf:1    | Learned a level 4 spell: Vhi's Electric Charge
 69730 | Elf:1    | Reached skill level 19 in Unarmed Combat
 70073 | Elf:1    | Found Soifiph's Weapon Shoppe.
 70211 | Elf:1    | Got Dabalyce's Compilation of Exhumation
 70560 | Elf:1    | Reached skill level 14 in Dodging
 70847 | Elf:1    | Found a runed translucent gate.
 70847 | Elf:1    | Found a runed translucent gate.
 70848 | Elf:1    | Found a runed translucent gate.
 70849 | Elf:1    | Found an opulent altar of Gozag.
 70851 | Elf:1    | Found Iranus's Assorted Antiques.
 70852 | Elf:1    | Noticed spaghetti's ghost (journeyman DsCK)
 70890 | Elf:1    | Bought a scroll of revelation for 142 gold pieces
 70900 | Elf:1    | Bought a blackened granite ring for 180 gold pieces
 70910 | Elf:1    | Bought a scroll of fog for 144 gold pieces
 70910 | Elf:1    | Bought a scroll of poison for 144 gold pieces
 70926 | Elf:2    | Found a huge runed translucent gate.
 70926 | Elf:2    | Found a huge runed translucent gate.
 70927 | Elf:2    | Found a huge runed translucent gate.
 70927 | Elf:2    | Found a huge runed translucent gate.
 70927 | Elf:2    | Found a huge runed translucent gate.
 70928 | Elf:2    | Found a huge runed translucent gate.
 70928 | Elf:2    | Found a huge runed translucent gate.
 70929 | Elf:2    | Found a huge runed translucent gate.
 70929 | Elf:2    | Found a huge runed translucent gate.
 70929 | Elf:2    | Found a huge runed translucent gate.
 70929 | Elf:2    | Found a huge runed translucent gate.
 71012 | Elf:2    | Found a huge runed translucent gate.
 71012 | Elf:2    | Found a huge runed translucent gate.
 71015 | Elf:2    | Found a huge runed translucent gate.
 71016 | Elf:2    | Found a huge runed translucent gate.
 71017 | Elf:2    | Found a huge runed translucent gate.
 71017 | Elf:2    | Found a huge runed translucent gate.
 71017 | Elf:2    | Found a huge runed translucent gate.
 71017 | Elf:2    | Found a huge runed translucent gate.
 71018 | Elf:2    | Found a huge runed translucent gate.
 71019 | Elf:2    | Found a huge runed translucent gate.
 71020 | Elf:2    | Found a huge runed translucent gate.
 71020 | Elf:2    | Found a huge runed translucent gate.
 71021 | Elf:2    | Found a huge runed translucent gate.
 71022 | Elf:2    | Found a huge runed translucent gate.
 71023 | Elf:2    | Found a huge runed translucent gate.
 71023 | Elf:2    | Found a huge runed translucent gate.
 71389 | Elf:2    | Found Coutoat's General Store.
 71486 | Elf:2    | Found a huge runed translucent gate.
 71487 | Elf:2    | Found a huge runed translucent gate.
 71488 | Elf:2    | Found a huge runed translucent gate.
 71489 | Elf:2    | Found a huge runed translucent gate.
 71490 | Elf:2    | Found a huge runed translucent gate.
 71491 | Elf:2    | Found a huge runed translucent gate.
 71492 | Elf:2    | Found a huge runed translucent gate.
 71495 | Elf:2    | Found a huge runed translucent gate.
 71531 | Elf:2    | Found a huge runed translucent gate.
 71588 | Elf:2    | Found a runed translucent gate.
 71591 | Elf:2    | Found a runed translucent gate.
 71591 | Elf:2    | Found a runed translucent gate.
 71638 | Elf:3    | Entered Level 3 of the Elven Halls
 71876 | Elf:3    | Reached skill level 17 in Fighting
 71917 | Elf:3    | Noticed Norris
 71932 | Elf:3    | Killed Norris
 72553 | Elf:3    | Found the +7 captain's cutlass {speed, disarm}
 72561 | Elf:3    | Identified the amulet "Nitwit" {Faith Rampage Str+4 Int+3
                  | Slay+2}
 72561 | Elf:3    | Noticed Bai Suzhen
 72583 | Elf:3    | Killed Bai Suzhen
 72604 | Elf:3    | Identified the -1 cloak "Rykemur" {rC+ Str+3}
 72625 | Elf:3    | Identified the +0 kite shield "Ohangey" {Rampage Str+5}
 72750 | Elf:3    | Identified the staff of Gozag's Displeasure {^Fragile rElec
                  | rF+ Str+4 Air}
 72769 | Elf:3    | Identified the +4 spear "Wuiwn" {freeze, Fly rCorr}
 72889 | Elf:2    | Bought a potion of enlightenment for 70 gold pieces
 73043 | Elf:2    | Reached skill level 15 in Dodging
 73334 | Elf:2    | Reached skill level 18 in Fighting
 73343 | Elf:2    | Reached skill level 20 in Unarmed Combat
 73348 | Elf:2    | Got the Book of the Congregated Jinx
 73733 | Vaults:5 | Entered Level 5 of the Vaults
 73766 | Vaults:5 | Reached XP level 24. HP: 178/178 MP: 34/37
 74019 | Vaults:5 | Noticed Margery
 74020 | Vaults:5 | Reached skill level 16 in Dodging
 74021 | Vaults:5 | Killed Margery
 74028 | Vaults:5 | Reached skill level 19 in Fighting
 74036 | Vaults:5 | Identified the +5 glaive of Destiny {flame, rF+ Dex+3}
 74493 | Vaults:5 | Reached skill level 17 in Dodging
 74594 | Vaults:5 | Got a silver rune of Zot
 74606 | Vaults:5 | Got Kiwkar's Directory of Soot
 75067 | Vaults:5 | Identified the +2 great sword of Action {vamp, rF++ rC+ rN+
                  | Int+3 Dex-4}
 75075 | Vaults:5 | Reached skill level 20 in Fighting
 75133 | Vaults:5 | Identified the +2 dagger of Purpose {heavy, +Blink rPois
                  | rC- Str+4}
 75268 | Vaults:5 | Found Nynergh's General Store.
 75272 | Vaults:5 | Bought a scroll of blinking for 150 gold pieces
 75272 | Vaults:5 | Bought a potion of cancellation for 160 gold pieces
 75341 | Vaults:5 | Got the Dissertation on Conflict and Glaciation
 75364 | Vaults:5 | Identified the ring "Essom" {Fly rCorr Str+6}
 75402 | Vaults:5 | Learned a level 7 spell: Summon Hydra
 75819 | Zot:1    | Entered Level 1 of the Realm of Zot
 76460 | Depths:4 | Reached skill level 18 in Dodging
 76470 | Depths:4 | Reached skill level 21 in Fighting
 76657 | Zot:1    | Noticed a curse toe
 76664 | Zot:1    | Killed a curse toe
 79592 | Zot:2    | Reached XP level 25. HP: 193/193 MP: 37/37
 80678 | Zot:2    | Reached skill level 16 in Summonings
 81749 | Zot:3    | Reached skill level 11 in Stealth
 83000 | Zot:4    | Noticed a curse toe
 83007 | Zot:4    | Killed a curse toe
 83209 | Zot:4    | Noticed an electric golem
 83244 | Zot:4    | Killed an electric golem
 83245 | Zot:4    | Reached skill level 22 in Fighting
 84274 | Zot:4    | Noticed a curse toe
 84278 | Zot:4    | Killed a curse toe
 84837 | Zot:5    | Entered Level 5 of the Realm of Zot
 84920 | Zot:5    | Reached skill level 12 in Stealth
 85794 | Zot:5    | Noticed a Killer Klown
 85841 | Zot:5    | Noticed an electric golem
 85871 | Zot:5    | Killed an electric golem
 85981 | Zot:5    | Noticed an ancient lich
 85993 | Zot:5    | Killed an ancient lich
 86011 | Zot:5    | Noticed an orb of fire
 86021 | Zot:5    | Noticed a dread lich
 86109 | Zot:5    | Noticed a Killer Klown
 86116 | Zot:5    | Killed a Killer Klown
 86135 | Zot:5    | Killed an orb of fire
 86149 | Zot:5    | Killed a Killer Klown
 86155 | Zot:5    | Killed a Killer Klown
 86254 | Zot:5    | Reached skill level 13 in Stealth
 86254 | Zot:5    | Noticed an electric golem
 86257 | Zot:5    | Killed an electric golem
 86271 | Zot:5    | Noticed an ancient lich
 86276 | Zot:5    | Killed an ancient lich
 86277 | Zot:5    | Reached skill level 14 in Stealth
 86281 | Zot:5    | Noticed a Killer Klown
 86286 | Zot:5    | Noticed an orb of fire
 86286 | Zot:5    | Noticed an ancient lich
 86301 | Zot:5    | Killed an orb of fire
 86385 | Zot:5    | Noticed an orb of fire
 86459 | Zot:5    | Noticed a Killer Klown
 86467 | Zot:5    | Killed a Killer Klown
 86481 | Zot:5    | Gained mutation: You are dopey. (Int -2) [an orb of fire]
 86485 | Zot:5    | Gained mutation: Your spells are a little easier to cast,
                  | but a little less powerful. [an orb of fire]
 86490 | Zot:5    | Gained mutation: You are very dopey. (Int -4) [an orb of
                  | fire]
 86496 | Zot:5    | Killed an orb of fire
 86497 | Zot:5    | Reached skill level 15 in Stealth
 87241 | Zot:5    | Noticed an orb of fire
 87242 | Zot:5    | Reached skill level 16 in Stealth
 87265 | Zot:5    | Noticed a Killer Klown
 87280 | Zot:5    | Killed a Killer Klown
 87281 | Zot:5    | Noticed a curse toe
 87286 | Zot:5    | Killed a curse toe
 87287 | Zot:5    | Reached XP level 26. HP: 202/202 MP: 19/37
 87289 | Zot:5    | Killed a Killer Klown
 87290 | Zot:5    | Reached skill level 17 in Stealth
 87301 | Zot:5    | Gained mutation: You are weak. (Str -2) [an orb of fire]
 87304 | Zot:5    | Killed an orb of fire
 87502 | Zot:5    | Lost mutation: You are weak. (Str -2) [potion of mutation]
 87502 | Zot:5    | Lost mutation: Your spells are a little easier to cast, but
                  | a little less powerful. [potion of mutation]
 87502 | Zot:5    | Gained mutation: You occasionally lose the ability to read
                  | scrolls when taking damage. [potion of mutation]
 87502 | Zot:5    | Gained mutation: You are somewhat resistant to further
                  | mutation. [potion of mutation]
 87503 | Zot:5    | Lost mutation: You are very dopey. (Int -4) [potion of
                  | mutation]
 87503 | Zot:5    | Lost mutation: You are dopey. (Int -2) [potion of mutation]
 87504 | Zot:5    | Lost mutation: You occasionally lose the ability to read
                  | scrolls when taking damage. [potion of mutation]
 87504 | Zot:5    | Lost mutation: You are somewhat resistant to further
                  | mutation. [potion of mutation]
 87504 | Zot:5    | Gained mutation: You are strong-willed. (Will+) [potion of
                  | mutation]
 87504 | Zot:5    | Gained mutation: You expend magic power (3 MP) to
                  | strengthen your wands. [potion of mutation]
 87859 | Zot:5    | Noticed an orb of fire
 87865 | Zot:5    | Gained mutation: Your health recovers twice as slowly from
                  | being drained. [an orb of fire]
 87867 | Zot:5    | Gained mutation: You occasionally lose the ability to drink
                  | potions when taking damage. [an orb of fire]
 87870 | Zot:5    | Gained mutation: You are weak. (Str -2) [an orb of fire]
 87873 | Zot:5    | Killed an orb of fire
 87947 | Zot:5    | Reached skill level 18 in Stealth
 88374 | Zot:5    | Killed an ancient lich
 89100 | Zot:5    | Lost mutation: Your health recovers twice as slowly from
                  | being drained. [potion of mutation]
 89100 | Zot:5    | Lost mutation: You expend magic power (3 MP) to strengthen
                  | your wands. [potion of mutation]
 89100 | Zot:5    | Lost mutation: You are strong-willed. (Will+) [potion of
                  | mutation]
 89100 | Zot:5    | Gained mutation: Your spells are a little easier to cast,
                  | but a little less powerful. [potion of mutation]
 89100 | Zot:5    | Lost mutation: Your spells are a little easier to cast, but
                  | a little less powerful. [potion of mutation]
 89100 | Zot:5    | Gained mutation: You are partially covered in iridescent
                  | scales. (AC +2) [potion of mutation]
 89101 | Zot:5    | Lost mutation: You are partially covered in iridescent
                  | scales. (AC +2) [potion of mutation]
 89101 | Zot:5    | Lost mutation: You occasionally lose the ability to drink
                  | potions when taking damage. [potion of mutation]
 89101 | Zot:5    | Gained mutation: You are partially covered in iridescent
                  | scales. (AC +2) [potion of mutation]
 89101 | Zot:5    | Gained mutation: You expend magic power (3 MP) to
                  | strengthen your wands. [potion of mutation]
 89101 | Zot:5    | Gained mutation: You are robust. (+10% HP) [potion of
                  | mutation]
 89114 | Zot:5    | Got the Orb of Zot
 89464 | D:10     | Reached skill level 19 in Stealth
 89495 | D:9      | Noticed Miap the pandemonium lord
 89583 | D:5      | Noticed Gox Aha the pandemonium lord
 89616 | D:3      | Noticed Efakkifri the pandemonium lord
 89660 | D:$      | Escaped with the Orb!

Vanquished Creatures
  2 ancient liches (Zot:5)
  4 orbs of fire (Zot:5)
  2 juggernauts (Depths:2)
  Xtahua (Vaults:4)
  The ghost of Bailed the Peltast, a veteran MiMo of Qazlal (Vaults:1)
  2 Killer Klowns (Zot:5)
  4 curse toes
  6 golden dragons
  Norris (Elf:3)
  A bone dragon (Depths:4)
  A hellephant (Vaults:5)
  Jorgrun (Shoals:3)
  3 electric golems
  A walking crystal tome (Depths:2)
  16 Orb Guardians
  11 tentacled monstrosities
  4 titans
  A walking divine tome (Depths:2)
  4 sphinxes
  A deep elf master archer (Elf:2)
  A kraken (Shoals:1)
  3 death cobs
  A deep elf blademaster (Elf:2)
  5 quicksilver dragons
  Gastronok (D:10)
  11 storm dragons
  7 shadow dragons
  5 tengu reavers
  2 draconian monks
  Kirke (D:15)
  2 protean progenitors
  4 fire giants
  A draconian knight (Zot:1)
  Ilsuiw (Shoals:3)
  3 deep elf sorcerers
  4 draconian scorchers
  3 draconian shifters
  An iron dragon (Vaults:5)
  4 emperor scorpions
  8 frost giants
  11 vault wardens
  A deep elf elementalist (Elf:3)
  6 draconian stormcallers
  A balrug (Depths:1)
  An orc warlord (Vaults:1)
  10 ghost moths
  The ghost of spaghetti the Warrior, a journeyman DsCK of Xom (Lair:5)
  3 draconian annihilators
  14 ironbound preservers
  2 broodmothers
  19 very ugly things
  13 ironbound thunderhulks
  5 stone giants
  2 formless jellyfish
  2 vampire knights
  11 dire elephants
  7 purple draconians
  3 deep elf death magi
  6 green draconians
  7 black draconians
  9 yellow draconians
  A deep elf annihilator (Elf:2)
  3 war gargoyles
  8 white draconians
  3 deep elf demonologists
  6 red draconians
  9 spark wasps
  Snorg (D:10)
  4 merfolk javelineers
  2 deep elf high priests (Vaults:5)
  3 merfolk impalers
  Josephine (Lair:5)
  6 yaktaur captains
  7 ettins
  3 entropy weavers
  5 ice dragons
  5 fire dragons
  3 jiangshi (Depths:3)
  3 great orbs of eyes
  3 peacekeepers
  15 vault guards
  3 hydras
  2 catoblepae
  5 spriggan air magi
  2 merfolk avatars (Shoals:2)
  3 alligators
  4 jorogumos
  5 radroaches
  19 centaur warriors
  3 alligator snapping turtles
  2 ogre magi
  Erica (D:10)
  6 merfolk aquamancers
  10 two-headed ogres
  4 ironbound frosthearts
  7 boulder beetles
  6 deep troll earth magi
  4 satyrs
  23 dancing weapons
  5 death yaks (Lair:3)
  8 tengu warriors
  9 deep troll shamans
  4 orc high priests
  7 demonic crawlers
  3 thrashing horrors (Lair:5)
  A hell knight (Depths:1)
  2 vampire magi
  11 deep elf knights
  3 spriggan berserkers
  Sonja (Lair:4)
  Urug (D:13)
  4 sun demons
  11 skysharks
  2 iron trolls
  2 sixfirhies (Depths:2)
  4 soul eaters
  A pharaoh ant (Spider:3)
  6 skeletal warriors
  7 orb spiders
  45 deep trolls
  4 glowing orange brains
  A mana viper (shapeshifter) (Vaults:5)
  7 arcanists
  A goliath frog (shapeshifter) (Vaults:5)
  A kraken simulacrum (Shoals:2)
  An obsidian statue (Zot:5)
  10 sea snakes
  A flayed ghost (Depths:4)
  3 phantasmal warriors
  11 necromancers
  10 nameless horrors
  19 harpies
  A tengu zombie (Vaults:3)
  10 deep elf archers
  7 steelbarb worms
  18 ironbound convokers
  7 lindwurms
  10 orc knights
  23 deep elf pyromancers
  2 oklob plants (Lair:5)
  21 deep elf zephyrmancers
  5 orc sorcerers
  24 wolf spiders
  A salamander (Depths:1)
  4 fauns (Shoals:2)
  30 ugly things
  8 cyclopes
  10 manticores
  11 meliai
  5 merfolk sirens
  15 elephants
  5 kobold blastminers
  A human skeleton (Vaults:1)
  22 moths of wrath
  13 vault sentinels
  7 water nymphs
  A fire giant skeleton (Vaults:3)
  5 black mambas
  A smoke demon (Depths:1)
  9 torpor snails
  An efreet (D:13)
  2 unseen horrors
  8 large abominations
  3 rime drakes
  9 cane toads
  16 yaktaurs
  12 komodo dragons
  A yaktaur zombie (Vaults:3)
  A freezing wraith (D:15)
  3 tengu conjurers
  A cane toad (shapeshifter) (Vaults:5)
  21 merfolk
  A queen bee (shapeshifter) (D:13)
  7 trolls
  22 tarantellas
  A queen bee (Spider:4)
  3 wind drakes
  5 polar bears
  A raiju (Lair:5)
  8 hornets
  2 glass eyes (Depths:2)
  19 blink frogs
  10 snapping turtles
  3 dream sheep (Shoals:2)
  A fire giant simulacrum (Vaults:1)
  An ettin zombie (Vaults:1)
  31 slime creatures
  24 culicivoras
  5 centaur simulacra
  A vampire (D:10)
  6 spriggans
  49 jumping spiders
  A shadow (D:13)
  A ynoxinul (Lair:5)
  2 air elementals
  7 wyverns
  A wyvern (shapeshifter) (Vaults:5)
  8 wraiths
  2 alligator snapping turtle simulacra (Shoals:2)
  4 fire elementals
  6 basilisks
  11 water elementals
  40 yaks
  4 steam dragons
  64 redbacks
  4 wargs
  17 humans (D:14)
  5 vampire mosquitoes
  An elf simulacrum (Vaults:1)
  A glowing shapeshifter zombie (Vaults:3)
  5 chaos spawn
  An acid dragon (D:8)
  20 water moccasins
  A satyr simulacrum (Shoals:2)
  3 black bears
  4 ice beasts (D:8)
  17 orc warriors
  A sky beast (D:7)
  13 ogres
  13 wolves
  17 centaurs
  2 kobold brigands
  A brain worm (shapeshifter) (Lair:5)
  14 bullfrogs
  A scorpion (D:5)
  An earth elemental (Elf:2)
  A faun simulacrum (Shoals:2)
  8 small abominations (Lair:5)
  2 gnoll sergeants
  2 merfolk simulacra (Shoals:2)
  4 wights (D:8)
  A hornet simulacrum (D:14)
  2 snapping turtle simulacra (Shoals:2)
  2 manticore simulacra (Shoals:2)
  30 killer bees
  5 howler monkeys
  4 electric eels
  A human simulacrum (Vaults:1)
  19 orc priests
  2 bombardier beetles
  5 jellies
  9 cyclops simulacra (Shoals:2)
  5 hounds
  Jessica (D:2)
  3 iguanas
  14 orc wizards
  3 sleepcaps (D:7)
  16 gnolls
  18 adders
  A shadow imp (D:6)
  A white imp (D:6)
  2 ufetubi (D:7)
  5 dart slugs
  2 ribbon worms (D:3)
  58 orcs
  13 ball pythons
  5 endoplasms
  8 giant cockroaches
  10 goblins
  6 hobgoblins
  9 jackals
  5 quokkas
  5 bats
  2 frilled lizards
  11 kobolds
  4 rats
  An aspiring flesh (Zot:5)
  3 tentacles
1830 creatures vanquished.

Vanquished Creatures (collateral kills)
  Boris (Depths:4)
  Bai Suzhen (Elf:3)
  2 Killer Klowns (Zot:5)
  5 caustic shrikes (Depths:4)
  Jory (Depths:4)
  A Hell Sentinel (Zot:5)
  4 tentacled monstrosities
  A lich (Depths:3)
  An Orb Guardian (Zot:5)
  A deep elf master archer (Elf:3)
  A deep elf blademaster (Elf:3)
  A quicksilver dragon (Zot:2)
  A sphinx (Depths:2)
  A shadow dragon (Vaults:5)
  2 storm dragons
  5 protean progenitors
  A frost giant (Shoals:4)
  A fire giant (Depths:3)
  A draconian shifter (Zot:1)
  3 deep elf sorcerers (Elf:3)
  A balrug (Depths:2)
  5 very ugly things
  2 spriggan defenders (Depths:2)
  2 quicksilver oozes (Zot:2)
  A formless jellyfish (Vaults:2)
  2 ironbound preservers
  A vampire knight (Depths:2)
  A deep elf demonologist (Elf:3)
  A green draconian (Zot:3)
  2 deep elf death magi (Elf:3)
  3 deep elf annihilators
  2 black draconians (Zot:1)
  A purple draconian (Zot:2)
  A red draconian (Zot:1)
  3 dire elephants
  2 ettins
  A merfolk impaler (Shoals:4)
  2 merfolk javelineers
  2 deep elf high priests
  A fire dragon (Depths:4)
  2 entropy weavers (Spider:2)
  A vault guard (Vaults:5)
  2 spriggan air magi (Depths:4)
  2 jorogumos
  A catoblepas (Zot:3)
  An ironbound frostheart (Vaults:3)
  5 dancing weapons
  2 hell hogs (Depths:1)
  A deep troll earth mage (Depths:2)
  A tengu warrior (Depths:4)
  A soul eater (Depths:1)
  2 hell knights (Depths:3)
  2 spriggan berserkers (Depths:2)
  5 deep elf knights
  A skeletal warrior (Depths:3)
  An iron troll (Depths:2)
  A salamander mystic (Depths:1)
  5 deep trolls
  2 ironbound convokers
  3 orb spiders
  2 phantasmal warriors (Depths:2)
  7 harpies
  An ugly thing (Depths:4)
  A shining eye (shapeshifter) (Depths:4)
  An oklob plant (Lair:5)
  2 deep elf pyromancers
  A wolf spider (Spider:4)
  4 deep elf zephyrmancers (Elf:2)
  An elephant (Lair:5)
  A salamander (shapeshifter) (Vaults:5)
  2 manticores (Shoals:4)
  A moth of wrath (Zot:2)
  2 merfolk sirens (Shoals:4)
  2 salamanders (Depths:1)
  3 water nymphs
  3 smoke demons (Depths:1)
  6 vault sentinels
  A freezing wraith (Vaults:5)
  8 merfolk
  2 wind drakes
  2 culicivoras
  4 snapping turtles
  A jumping spider (Spider:2)
  2 water elementals
  3 redbacks
  A water moccasin (Lair:5)
  2 killer bees (Spider:4)
  3 nameless horrors
  An aspiring flesh (Zot:3)
182 creatures vanquished.

Vanquished Creatures (others)
  A dread lich (Zot:5)
  An ancient lich (Zot:5)
  An orb of fire (Zot:5)
  3 Killer Klowns (Zot:5)
  Margery (Vaults:5)
  A tentacled monstrosity (Zot:5)
  A titan (Vaults:5)
  A quicksilver dragon (Zot:5)
  11 Orb Guardians (Zot:5)
  A deep elf blademaster (Elf:3)
  A shadow dragon (Zot:5)
  3 tengu reavers (Vaults:5)
  4 fire giants
  A deep elf sorcerer (Elf:3)
  A ghost moth (Zot:5)
  2 vault wardens (Vaults:5)
  3 deep elf elementalists (Elf:3)
  2 ironbound preservers (Vaults:5)
  5 deep elf death magi
  2 deep elf annihilators (Elf:3)
  2 merfolk impalers (Shoals:4)
  A merfolk javelineer (Shoals:4)
  4 deep elf high priests
  2 yaktaur captains (Vaults:5)
  11 vault guards (Vaults:5)
  A merfolk avatar (Shoals:4)
  A satyr (Shoals:4)
  A two-headed ogre (Orc:2)
  A merfolk aquamancer (Shoals:4)
  2 hell knights (Vaults:5)
  2 deep elf knights
  A steelbarb worm (shapeshifter) (Vaults:5)
  A phantasmal warrior (Vaults:5)
  2 deep elf archers (Vaults:5)
  An ironbound convoker (Vaults:5)
  A necromancer (Vaults:5)
  A deep elf zephyrmancer (Elf:3)
  A harpy (Shoals:4)
  A deep elf pyromancer (Vaults:5)
  6 fauns (Shoals:4)
  5 merfolk sirens (Shoals:4)
  2 manticores
  3 water nymphs (Shoals:4)
  5 yaktaurs (Vaults:5)
  11 merfolk
  2 wind drakes (Shoals:4)
  A tarantella (Spider:3)
  2 water elementals
  2 humans (D:15)
  16 tentacles
138 creatures vanquished.

Grand Total: 2150 creatures vanquished

Table legend: (Time is in decaauts)
 A = Elapsed time spent in this place.
 B = Non-inter-level travel time spent in this place.
 C = Inter-level travel time spent in this place.
 D = Time resting spent in this place.
 E = Time spent auto-exploring this place.
 F = Levels seen in this place.
 G = Mean time per level.
                   A        B        C        D        E       F      G
               +--------+--------+--------+--------+--------+-----+--------+
         Total | 129696 | 122684 |   7012 |  52192 |  39612 |  49 | 2646.9 |
       Dungeon |  32543 |  29911 |   2632 |  12076 |  11461 |  15 | 2169.5 |
        Temple |    111 |    109 |      2 |      0 |      0 |   1 |  111.0 |
          Lair |  17829 |  17113 |    716 |   8601 |   4355 |   5 | 3565.8 |
        Shoals |  11845 |  11545 |    300 |   4004 |   4545 |   4 | 2961.2 |
   Spider Nest |  12726 |  12278 |    448 |   6082 |   3588 |   4 | 3181.5 |
  Orcish Mines |   4040 |   3754 |    286 |   1618 |    841 |   2 | 2020.0 |
   Elven Halls |   5636 |   5109 |    527 |    694 |   1798 |   3 | 1878.7 |
        Vaults |  12665 |  11758 |    907 |   3393 |   4934 |   5 | 2533.0 |
        Depths |  12864 |  12328 |    536 |   5437 |   3791 |   4 | 3216.0 |
           Zot |  19261 |  18607 |    654 |  10283 |   4272 |   5 | 3852.2 |
         Trove |    172 |    172 |      0 |      0 |     24 |   1 |  172.0 |
               +--------+--------+--------+--------+--------+-----+--------+

Top non-repeatable levels by time:
  Lair:5: 10406 daAuts
   Zot:5: 6401 daAuts
Spider:4: 5526 daAuts
Shoals:2: 5063 daAuts
Depths:4: 4419 daAuts
   Zot:1: 4140 daAuts
    D:10: 3967 daAuts
Depths:2: 3513 daAuts
Spider:2: 3433 daAuts
   Zot:3: 3367 daAuts
     D:8: 3316 daAuts
    D:14: 3159 daAuts
   Orc:2: 2985 daAuts
   Zot:2: 2900 daAuts
Vaults:1: 2858 daAuts

Table legend:
 A = Non-vault XP
 B = Vault XP
 C = Vault XP percentage of total XP
 D = Non-vault monster count
 E = Vault monster count
 F = Vault count percentage of total count
                 A         B        C        D         E       F
            +---------+---------+-------+---------+---------+-------
      Total |  671716 |  462418 |  40.8 |    1301 |     689 |  34.6
            +---------+---------+-------+---------+---------+-------
        D:1 |      55 |       0 |   0.0 |      22 |       0 |   0.0
        D:2 |      93 |      59 |  38.8 |      24 |       8 |  25.0
        D:3 |     322 |      14 |   4.2 |      28 |       6 |  17.6
        D:4 |     158 |      14 |   8.1 |      19 |       1 |   5.0
        D:5 |     901 |       0 |   0.0 |      23 |       0 |   0.0
        D:6 |     404 |      79 |  16.4 |      10 |       4 |  28.6
        D:7 |     940 |     122 |  11.5 |      15 |       7 |  31.8
        D:8 |    1926 |    1624 |  45.7 |      21 |      10 |  32.3
        D:9 |    2806 |      59 |   2.1 |      18 |       1 |   5.3
       D:10 |    1998 |   11512 |  85.2 |       8 |      30 |  78.9
       D:11 |    2340 |       0 |   0.0 |      20 |       0 |   0.0
       D:12 |    7626 |       0 |   0.0 |      34 |       0 |   0.0
       D:13 |    3765 |     788 |  17.3 |       7 |       1 |  12.5
       D:14 |    6675 |   16902 |  71.7 |      22 |      51 |  69.9
       D:15 |    9569 |    3179 |  24.9 |      20 |       3 |  13.0
     Lair:1 |    3834 |       0 |   0.0 |      17 |       0 |   0.0
     Lair:2 |    1684 |    1626 |  49.1 |       9 |      11 |  55.0
     Lair:3 |   10710 |    5278 |  33.0 |      28 |      16 |  36.4
     Lair:4 |    5421 |     788 |  12.7 |      16 |       1 |   5.9
     Lair:5 |   13233 |   18806 |  58.7 |      46 |      52 |  53.1
   Shoals:1 |   12578 |    2218 |  15.0 |      25 |       6 |  19.4
   Shoals:2 |   18032 |    3350 |  15.7 |      34 |      25 |  42.4
   Shoals:3 |   16468 |    9929 |  37.6 |      34 |      12 |  26.1
   Shoals:4 |   11273 |   12027 |  51.6 |      25 |      19 |  43.2
   Spider:1 |   13124 |       0 |   0.0 |      38 |       0 |   0.0
   Spider:2 |   19585 |   14021 |  41.7 |      65 |      21 |  24.4
   Spider:3 |   17225 |     836 |   4.6 |      40 |       1 |   2.4
   Spider:4 |   23585 |   24185 |  50.6 |      59 |      64 |  52.0
      Orc:1 |    5234 |       0 |   0.0 |      16 |       0 |   0.0
      Orc:2 |    5210 |    8626 |  62.3 |      32 |      29 |  47.5
      Elf:1 |   29618 |    7004 |  19.1 |      51 |      11 |  17.7
      Elf:2 |    2969 |   35133 |  92.2 |       6 |      46 |  88.5
      Elf:3 |   14651 |   14122 |  49.1 |      27 |      15 |  35.7
   Vaults:1 |   16796 |   25377 |  60.2 |      29 |      30 |  50.8
   Vaults:2 |   32519 |   12002 |  27.0 |      46 |      15 |  24.6
   Vaults:3 |   27113 |   16008 |  37.1 |      37 |      19 |  33.9
   Vaults:4 |   14260 |   26223 |  64.8 |      21 |      31 |  59.6
   Vaults:5 |   11141 |   55743 |  83.3 |      18 |      56 |  75.7
   Depths:1 |   38847 |    9991 |  20.5 |      48 |      14 |  22.6
   Depths:2 |   28866 |   34462 |  54.4 |      40 |      24 |  37.5
   Depths:3 |   28615 |    7767 |  21.3 |      32 |       8 |  20.0
   Depths:4 |   40432 |   18786 |  31.7 |      35 |      13 |  27.1
      Zot:1 |   55453 |       0 |   0.0 |      51 |       0 |   0.0
      Zot:2 |   29739 |       0 |   0.0 |      24 |       0 |   0.0
      Zot:3 |   36506 |       0 |   0.0 |      30 |       0 |   0.0
      Zot:4 |   26399 |       0 |   0.0 |      16 |       0 |   0.0
      Zot:5 |   21018 |   63758 |  75.2 |      15 |      28 |  65.1
            +---------+---------+-------+---------+---------+-------
